[Event "*** Titled Tuesday 3|2 Blitz"]
[Site "Chess.com"]
[Date "2017.05.02"]
[Round "5"]
[White "penguingm1"]
[Black "AkshatChandra"]
[Result "1/2-1/2"]
[WhiteElo "2591"]
[BlackElo "2750"]
[TimeControl "180+2"]
[EndTime "14:09:01 PDT"]
[Termination "Game drawn by agreement"]

1. d4 Nf6 2. c4 e6 3. Nc3 Bb4 4. Qc2 b6 5. Nf3 Bb7 6. g3 Nc6 7. Qd3 O-O 8. Bg2 e5 9. O-O Bxc3 10.
Qxc3 exd4 11. Nxd4 Nxd4 12. Qxd4 Bxg2 13. Kxg2 Re8 14.
Bg5 Rxe2 15. Rfe1 Re6 16. Rad1 d6 17. Qf4 h6 18. Bxf6 Rxf6 19. Qe4 a5 20. Re2 Re6 21.
Qf3 Rxe2 22. Qxe2 Qe8 23. Qf3 Rd8 24. Rd4 Qe5 25. Re4 Qxb2 26. Re7 Rf8 27. a4 c5 28. Qd5 Qb4 29. Qxd6 Qxa4 30. Qxb6 Qxc4 31. Qxa5 Qd5+ 32. Kg1 Ra8 33. Qe1 c4 34. Qc3 Rc8 35. Re3 Rb8 36. Qc2 g6 37. h4 h5 38. Re4 Rc8 39. Re3 Qd4 40. Rc3 Re8 41. Qc1 Re2 42. Rf3 Rd2 43. Qa3 Qd5 44. Qe3 Rd1+ 45. Kh2 Rd3 46. Qe8+ Kg7 47.
Rf4 Rd1 48. Qe4 Qxe4 49. Rxe4 c3 50. Rc4 Rc1 51. Kg2 Kf6 52. Kf3 Ke5 53. Rc7 c2 54. Ke2 Ke4 55. Re7+ Kd5 56. Rc7 Kd6 57. Rc8 Kd7 58.
Rc3 Ke6 59. Rc8 f6 60. Rc6+ Ke7 61. Rc3 g5 62. Rc5 gxh4 63. gxh4 Kf7 64. Kd2 Rf1 65. Kxc2 Rxf2+ 66. Kd3 Kg6 67. Ke3 Rg2 68. Rc8 Rg4 69. Kf3 Rxh4 70. Rg8+ Kf5 71. Rh8 Kg6 72. Rg8+ Kh6 73.
Rh8+ Kg7 74. Ra8 Rb4 75. Kg3 Kg6 76. Rg8+ Kf5 77. Rh8 Rg4+ 78. Kf3 Rg5 79. Rh6 Ke5 80. Rh8 Ke6 81. Kf4 Kf7 82. Rh7+ Kg6 83. Rh8 Rf5+ 84. Kg3 Ra5 85. Rg8+ Kh7 86. Rf8 Kg7 87. Rb8 Ra4 88. Kh3 Re4 89. Kg3 Kg6 90. Rg8+ Kf7 91. Rh8 Rg4+ 92. Kf3 Kg6 93. Rg8+ Kf5 94. Rh8 Rf4+ 95. Kg3 h4+ 96. Kh3 Ra4 97. Rh5+ Kg6 98. Rh8 f5 99.
Rxh4 Ra3+ 100. Kg2 Kg5 101. Rb4 Re3 102. Ra4 Re7 103. Kf3 Rc7 104. Kg3 Rc3+ 105. Kf2 f4 106. Ra8 Kg4 107. Rg8+ 1/2-1/2

[Event "*** Titled Tuesday 3|2 Blitz"]
[Site "Chess.com"]
[Date "2017.05.02"]
[Round "6"]
[White "eldur16"]
[Black "GamayevOleg"]
[Result "1-0"]
[WhiteElo "2455"]
[BlackElo "2412"]
[TimeControl "180+2"]
[EndTime "14:14:00 PDT"]
[Termination "eldur16 won by resignation"]

1. e4 d6 2. d4 Nf6 3. Nc3 e5 4.
dxe5 dxe5 5. Qxd8+ Kxd8 6. Bc4 Be6 7. Bxe6 fxe6 8. Be3 Bd6 9. f3 Nc6 10. O-O-O Ke7 11.
Nge2 Rhb8 12. Nb5 a6 13. Nxd6 cxd6 14. g4 b5 15. Ng3 Rc8 16. Kb1 Na5 17. b3 Rc6 18. Ne2 Rac8 19. c3 Nb7 20. Kb2 Nd7 21. f4 exf4 22. Bxf4 e5 23. Be3 Ndc5 24. Ng3 Ke6 25.
Rhf1 Nd7 26. Nf5 g6 27. Ng7+ Ke7 28. Bg5+ 1-0

[Event "*** Titled Tuesday 3|2 Blitz"]
[Site "Chess.com"]
[Date "2017.05.02"]
[Round "6"]
[White "JusticeBot"]
[Black "rithwik2002"]
[Result "1-0"]
[WhiteElo "2496"]
[BlackElo "1886"]
[TimeControl "180+2"]
[EndTime "14:14:15 PDT"]
[Termination "JusticeBot won by resignation"]

1. e4 e6 2. d4 d5 3. Nd2 c5 4.
exd5 Qxd5 5. dxc5 Nf6 6. Bc4 Qxg2 7. Qf3 Qxf3 8. Ngxf3 Bxc5 9. Rg1 O-O 10. b3 a6 11.
Bb2 Be7 12. Ne4 Kh8 13. O-O-O b5 14. Bd3 Nbd7 15. Rg3 Bb7 16. Rdg1 Bxe4 17. Bxe4 Nxe4 18. Bxg7+ Kg8 19. Bf6+ 1-0

[Event "*** Titled Tuesday 3|2 Blitz"]
[Site "Chess.com"]
[Date "2017.05.02"]
[Round "6"]
[White "GameOverBro"]
[Black "Marreuh"]
[Result "1-0"]
[WhiteElo "2295"]
[BlackElo "2095"]
[TimeControl "180+2"]
[EndTime "14:14:19 PDT"]
[Termination "GameOverBro won by resignation"]

1. e4 c5 2. Ne2 d6 3. d4 cxd4 4. Nxd4 Nf6 5. Nc3 a6 6. Bd3 e5 7. Nb3 Be6 8. O-O Nbd7 9. f4 Rc8 10. f5 Bc4 11. Bg5 Be7 12. Bxf6 Nxf6 13. Bxc4 Rxc4 14.
Qd3 Qc8 15. Rad1 O-O 16. h3 b5 17. a3 Qc6 18. Rfe1 a5 19. Kh2 Qb6 20. g4 a4 21.
g5 Nd7 22. Nd5 Qd8 23. Na5 Rd4 24. Nc6 Rxd3 25. Ndxe7+ Qxe7 26. Nxe7+ Kh8 27. Rxd3 1-0

[Event "*** Titled Tuesday 3|2 Blitz"]
[Site "Chess.com"]
[Date "2017.05.02"]
[Round "6"]
[White "1lec"]
[Black "saraswathii"]
[Result "0-1"]
[WhiteElo "2060"]
[BlackElo "2223"]
[TimeControl "180+2"]
[EndTime "14:14:37 PDT"]
[Termination "saraswathii won by resignation"]

1. e4 c5 2. Nf3 e6 3. g3 d5 4.
exd5 exd5 5. d4 Nf6 6. Bg2 Be6 7. O-O Nc6 8. Nc3 h6 9. Re1 Be7 10. Bf4 O-O 11. dxc5 Bxc5 12. Nb5 Qb6 13. Nc7 Bxf2+ 14. Kh1 Bxe1 15. Nxa8 Rxa8 16. Qxe1 Re8 17. Ne5 Bf5 18. Qe2 Nxe5 19. Bxe5 Ng4 0-1

[Event "*** Titled Tuesday 3|2 Blitz"]
[Site "Chess.com"]
[Date "2017.05.02"]
[Round "6"]
[White "Aygehovit1992"]
[Black "djogrodek1"]
[Result "1-0"]
[WhiteElo "2523"]
[BlackElo "2421"]
[TimeControl "180+2"]
[EndTime "14:14:58 PDT"]
[Termination "Aygehovit1992 won by resignation"]

1. e4 c6 2. d4 d5 3. e5 Bf5 4.
Nf3 e6 5. Be2 c5 6. Be3 cxd4 7.
Nxd4 Ne7 8. Nd2 Nbc6 9. N2f3 Bg6 10. O-O a6 11. c4 Nxd4 12. Nxd4 Nf5 13. cxd5 Nxe3 14. Qa4+ b5 15. Nxb5 Qd7 16. fxe3 Rc8 17. dxe6 fxe6 18. Rad1 Qc6 19. Rc1 Qxc1 20. Nc7+ 1-0

[Event "*** Titled Tuesday 3|2 Blitz"]
[Site "Chess.com"]
[Date "2017.05.02"]
[Round "6"]
[White "aa175"]
[Black "XiaoKangZhong"]
[Result "0-1"]
[WhiteElo "1793"]
[BlackElo "2016"]
[TimeControl "180+2"]
[EndTime "14:15:01 PDT"]
[Termination "XiaoKangZhong won by resignation"]

1. d4 Nf6 2. Nf3 g6 3. g3 Bg7 4. Bg2 O-O 5. O-O d5 6. c4 e6 7. Nc3 Ne4 8. Nxe4 dxe4 9. Ne5 f6 10. Ng4 h5 11. Nh6+ Kh7 12. Qd2 f5 13. Rd1 Rf6 14. h4 Qf8 15. Qf4 Na6 16. Nxf5 exf5 17.
Be3 Re6 18. d5 Re8 19. d6 cxd6 20. Rxd6 Be5 0-1

[Event "*** Titled Tuesday 3|2 Blitz"]
[Site "Chess.com"]
[Date "2017.05.02"]
[Round "6"]
[White "Gabix_94"]
[Black "Vrolijk"]
[Result "0-1"]
[WhiteElo "2452"]
[BlackElo "2345"]
[TimeControl "180+2"]
[EndTime "14:15:03 PDT"]
[Termination "Vrolijk won by resignation"]

1. e4 e6 2. d4 d5 3. Nc3 Nf6 4. Bg5 Be7 5. e5 Nfd7 6. h4 h6 7.
Bxe7 Qxe7 8. f4 a6 9. Qd2 c5 10. dxc5 Nc6 11. O-O-O Nxc5 12. h5 b5 13. Nf3 Bd7 14.
Nd4 Rc8 15. Rh3 b4 16. Nce2 Ne4 17. Qe1 a5 18. Kb1 a4 19. Nxc6 Bxc6 20. Nd4 O-O 21.
f5 a3 22. Bd3 exf5 23. Bxe4 fxe4 24. Qg3 f5 25. Qg6 Qxe5 26. Rg3 f4 27. Rb3 Be8 28.
Qa6 Bxh5 29. Nc6 Rxc6 30. Qxc6 Bxd1 31. Rxb4 e3 0-1

[Event "*** Titled Tuesday 3|2 Blitz"]
[Site "Chess.com"]
[Date "2017.05.02"]
[Round "6"]
[White "Konavets"]
[Black "stefanodinn"]
[Result "1-0"]
[WhiteElo "2675"]
[BlackElo "2229"]
[TimeControl "180+2"]
[EndTime "14:15:13 PDT"]
[Termination "Konavets won by resignation"]

1. d4 d5 2. c4 e6 3. Nc3 Nf6 4.
Bg5 Be7 5. Nf3 O-O 6. e3 Ne4 7. Bxe7 Qxe7 8. Rc1 c6 9. Qc2 Nxc3 10. Qxc3 Nd7 11.
cxd5 exd5 12. Bd3 Nf6 13. O-O Ne4 14. Bxe4 dxe4 15. Nd2 f5 16. b4 Be6 17. a4 Bd5 18.
Nc4 Kh8 19. Ne5 a6 20. Qc5 Qg5 21. g3 Rf6 22. b5 axb5 23. axb5 Rh6 24. bxc6 bxc6 25.
Qxd5 cxd5 26. Nf7+ 1-0

[Event "*** Titled Tuesday 3|2 Blitz"]
[Site "Chess.com"]
[Date "2017.05.02"]
[Round "6"]
[White "Alexander_Donchenko"]
[Black "joppie2"]
[Result "1-0"]
[WhiteElo "2519"]
[BlackElo "2516"]
[TimeControl "180+2"]
[EndTime "14:15:30 PDT"]
[Termination "Alexander_Donchenko won by resignation"]

1. d4 d5 2. c4 c6 3. Nf3 Nf6 4.
Qc2 dxc4 5. Qxc4 Bg4 6. Nc3 Nbd7 7. Bf4 e6 8. e4 Bxf3 9. gxf3 Be7 10. O-O-O Nh5 11. Be3 Bg5 12. Rg1 h6 13. Kb1 O-O 14. e5 Nb6 15. Qe2 Nf4 16. Bxf4 Bxf4 17. Qe4 Bg5 18. Bd3 f5 19. exf6 Qxf6 20. h4 Bf4 21. Qh7+ Kf7 22. Rg6 Qxd4 23. Ne2 Qe5 24. Nxf4 Qxf4 25.
Qxg7+ Ke8 26. Rxe6+ Kd8 27. Bf5+ Nd5 28. Qe7+ 1-0

[Event "*** Titled Tuesday 3|2 Blitz"]
[Site "Chess.com"]
[Date "2017.05.02"]
[Round "6"]
[White "RitvarsReimanis"]
[Black "GMAkobianSTL"]
[Result "0-1"]
[WhiteElo "2438"]
[BlackElo "2604"]
[TimeControl "180+2"]
[EndTime "14:15:40 PDT"]
[Termination "GMAkobianSTL won by resignation"]

1. d4 Nf6 2. c4 b6 3. Nf3 Bb7 4.
e3 g6 5. Be2 Bg7 6. O-O O-O 7.
Ne5 d6 8. Bf3 c6 9. Nd3 Nbd7 10.
c5 bxc5 11. dxc5 d5 12. Nc3 e5 13. e4 d4 14. Ne2 a5 15. g3 Ba6 16. Bg2 Qe7 17.
b3 Nxc5 18. Nxc5 Qxc5 19. Bb2 Qb5 20. Re1 c5 21. Bf1 Qb7 22. f3 c4 23. Ba3 c3 24.
Bxf8 Bxf8 25. Nc1 Bxf1 26. Rxf1 Nd7 27. Nd3 Qb5 28. Qc2 Bd6 29. Rad1 Nc5 30. Nxc5 Bxc5 31. Rd3 a4 32. f4 axb3 33. axb3 Ra2 34. Qxa2 Qxd3 35.
b4 Qe3+ 36. Rf2 d3 37. bxc5 c2 38. fxe5 c1=Q+ 39. Kg2 Qxe4+ 0-1

[Event "*** Titled Tuesday 3|2 Blitz"]
[Site "Chess.com"]
[Date "2017.05.02"]
[Round "6"]
[White "ItalianMachine"]
[Black "AdrianaNikolova"]
[Result "1-0"]
[WhiteElo "2202"]
[BlackElo "2309"]
[TimeControl "180+2"]
[EndTime "14:16:02 PDT"]
[Termination "ItalianMachine won by resignation"]

1. e4 c5 2. Nc3 Nc6 3. g3 g6 4.
Bg2 Bg7 5. Nge2 Rb8 6. O-O b5 7.
d3 b4 8. Nd5 e6 9. Ne3 Nge7 10.
f4 O-O 11. g4 f5 12. h3 d5 13. e5 d4 14. Nc4 fxg4 15. hxg4 Nd5 16. Ng3 Qh4 17. Ne4 Ne3 18. Nxe3 dxe3 19. Bxe3 Nd4 20. Nxc5 Nxc2 21. Qxc2 Qxg4 22. Qd1 Qg3 23. Qf3 Qh4 24. Qh3 Qe7 25. d4 Rf5 26. Bf3 Bd7 27. Bg4 Rff8 28. Nxd7 Qxd7 29. Bxe6+ 1-0

[Event "*** Titled Tuesday 3|2 Blitz"]
[Site "Chess.com"]
[Date "2017.05.02"]
[Round "6"]
[White "ehrenfeld"]
[Black "Rodalquilar"]
[Result "0-1"]
[WhiteElo "2399"]
[BlackElo "2533"]
[TimeControl "180+2"]
[EndTime "14:16:08 PDT"]
[Termination "Rodalquilar won on time"]

1. e4 e5 2. Nc3 Nf6 3. f4 d5 4.
fxe5 Nxe4 5. Qf3 Nxc3 6. bxc3 Be7 7. d4 O-O 8. Bd3 f5 9. Nh3 c6 10. Nf4 a5 11. O-O Na6 12. Qh3 g6 13. Bd2 Nc7 14. c4 Ne6 15. cxd5 Nxf4 16. Bxf4 Qxd5 17. Qe3 b5 18. Rac1 Rd8 19. c3 Be6 20. Bg5 Ra7 21. Bxe7 Rxe7 22. h4 c5 23. Rf4 b4 24. c4 cxd4 25.
cxd5 dxe3 26. d6 Ree8 27. Rc7 Bxa2 0-1

[Event "*** Titled Tuesday 3|2 Blitz"]
[Site "Chess.com"]
[Date "2017.05.02"]
[Round "6"]
[White "bancsoo"]
[Black "AkshatChandra"]
[Result "0-1"]
[WhiteElo "2591"]
[BlackElo "2755"]
[TimeControl "180+2"]
[EndTime "14:16:26 PDT"]
[Termination "AkshatChandra won by resignation"]

1. Nf3 d5 2. g3 c6 3. Bg2 Bg4 4. O-O Nd7 5. h3 Bh5 6. d4 Ngf6 7. c4 e6 8. cxd5 exd5 9. Qb3 Qb6 10.
Qe3+ Be7 11. Nh4 Bg6 12. Nc3 Qd8 13. Nxg6 hxg6 14. b4 a6 15. Rb1 O-O 16. Na4 Re8 17. Qd3 b5 18. Nc5 Nb6 19. Rd1 Bf8 20. Bg5 Qc8 21.
Bxf6 gxf6 22. e4 dxe4 23. Nxe4 Nd5 24. Nc5 Ra7 25. Bxd5 cxd5 26. Kg2 Rae7 27. Qf3 Qc6 28. Rd2 f5 29. Rc1 Bh6 30. Nd3 Qd6 31. Nf4 Bxf4 32. Qxf4 Qxb4 33. Rc6 Re6 34. Rxe6 Rxe6 35. Rc2 Kg7 36.
Rc8 Qe1 37. Qb8 Qe4+ 38. Kh2 Qxd4 39. Kg2 Re2 0-1

[Event "*** Titled Tuesday 3|2 Blitz"]
[Site "Chess.com"]
[Date "2017.05.02"]
[Round "6"]
[White "Drags95"]
[Black "DiogenesSinopeus"]
[Result "1-0"]
[WhiteElo "2532"]
[BlackElo "2224"]
[TimeControl "180+2"]
[EndTime "14:16:36 PDT"]
[Termination "Drags95 won on time"]

1. e4 e5 2. Nf3 Nc6 3. Bb5 a6 4.
Ba4 d6 5. O-O Bg4 6. Bxc6+ bxc6 7. d3 Qf6 8. Nbd2 Ne7 9. c3 g5 10. d4 Ng6 11. Qa4 Bd7 12. dxe5 dxe5 13. Nc4 g4 14.
Bg5 Qe6 15. Nfd2 Bc5 16. Qa5 Bd6 17. Rad1 O-O 18. Ne3 Rfb8 19. Ndc4 Bf8 20. Qxc7 Be8 21. Nb6 f6 22. Nxa8 Rxa8 23. Qb7 Rc8 24. Bxf6 Bf7 25. Nf5 Re8 26. Bg5 Qxa2 27. Rd7 Qe6 28. Bh6 1-0

[Event "*** Titled Tuesday 3|2 Blitz"]
[Site "Chess.com"]
[Date "2017.05.02"]
[Round "6"]
[White "GrigorGrigorov"]
[Black "Robin-Side"]
[Result "1-0"]
[WhiteElo "2511"]
[BlackElo "2283"]
[TimeControl "180+2"]
[EndTime "14:16:48 PDT"]
[Termination "GrigorGrigorov won on time"]

1. d4 Nf6 2. Nf3 g6 3. Bg5 Ne4 4. Bf4 Bg7 5. Nbd2 d5 6. e3 c5 7.
c3 O-O 8. Be2 Nc6 9. O-O a6 10.
Nxe4 dxe4 11. Nd2 f5 12. f3 exf3 13. Nxf3 cxd4 14. Bc4+ Kh8 15. exd4 Na5 16. Bd3 Be6 17. Re1 Bc4 18. Bxc4 Nxc4 19. Qe2 b5 20. Ng5 e5 21.
dxe5 Nxe5 22. Rad1 Qb6+ 23. Be3 Qf6 24. Bd4 Qxg5 25.
Bxe5 Bxe5 26. Qxe5+ Qf6 27. Qxf6+ Rxf6 28. Re7 b4 29. c4 a5 30. Rdd7 a4 31. Rxh7+ Kg8 32. Rdg7+ Kf8 33. Rh8+ Kxg7 34. Rxa8 Rc6 35. Rxa4 Rxc4 36.
h3 Kf6 37. Kh2 Kg5 38. a3 Rc2 39. Rxb4 1-0

[Event "*** Titled Tuesday 3|2 Blitz"]
[Site "Chess.com"]
[Date "2017.05.02"]
[Round "6"]
[White "DrVitman"]
[Black "David_Klein"]
[Result "1-0"]
[WhiteElo "2612"]
[BlackElo "2503"]
[TimeControl "180+2"]
[EndTime "14:16:49 PDT"]
[Termination "DrVitman won by resignation"]

1. d4 Nf6 2. c4 e6 3. Nf3 d5 4. Nc3 Nbd7 5. Bg5 dxc4 6. e3 a6 7.
a4 b6 8. Bxc4 Bb7 9. O-O Be7 10.
Qe2 c5 11. Rfd1 cxd4 12. Nxd4 O-O 13. Nxe6 fxe6 14. Bxe6+ Rf7 15. Bxf6 Bxf6 16. Qc4 Kh8 17. Bxf7 Bxc3 18. bxc3 Qg5 19. Bd5 Ne5 20. Qf4 Qxf4 21. exf4 Bxd5 22. fxe5 Bb3 23. Rdb1 Bc4 24. Rxb6 h6 25. e6 Rd8 26. e7 Re8 27. Re1 Kg8 28. Rb8 Rxb8 29. e8=Q+ Rxe8 30. Rxe8+ Kf7 31. Rc8 Bb3 32.
Rc7+ Kf8 33. a5 Bc2 34. c4 Bd3 35. f3 g5 36. Kf2 Ke8 37. Ke3 Bf1 38. g3 Kd8 39.
Rc6 Kd7 40. Rxa6 Bxc4 41. Rxh6 Ke7 42. Rg6 g4 43. Rxg4 Kf6 44. Rxc4 Kg5 45. Rf4 Kh5 1-0

[Event "*** Titled Tuesday 3|2 Blitz"]
[Site "Chess.com"]
[Date "2017.05.02"]
[Round "6"]
[White "Sinquefield"]
[Black "roldieyi"]
[Result "0-1"]
[WhiteElo "2173"]
[BlackElo "2105"]
[TimeControl "180+2"]
[EndTime "14:17:03 PDT"]
[Termination "roldieyi won by checkmate"]

1. d4 Nf6 2. Bg5 e6 3. Nf3 d5 4.
Nbd2 Be7 5. e3 O-O 6. Bd3 a6 7. c3 b5 8. Ne5 Bb7 9. f4 Ne4 10. Bxe7 Qxe7 11. O-O f6 12. Nef3 f5 13. Ne5 Nd7 14. Ndf3 Ndf6 15. Qe1 c5 16. Qh4 c4 17. Bxe4 dxe4 18. Ng5 Rae8 19. g4 fxg4 20. h3 Qc7 21. hxg4 h6 22. Kg2 Nd5 23. Rae1 b4 24. Rh1 bxc3 25. bxc3 Qa5 26. Nh3 Qxc3 27. g5 Nxe3+ 28.
Kh2 Nf5 29. Qh5 Qg3# 0-1

[Event "*** Titled Tuesday 3|2 Blitz"]
[Site "Chess.com"]
[Date "2017.05.02"]
[Round "6"]
[White "vpantev"]
[Black "chessking2151"]
[Result "1-0"]
[WhiteElo "2463"]
[BlackElo "2347"]
[TimeControl "180+2"]
[EndTime "14:17:06 PDT"]
[Termination "vpantev won by resignation"]

1. d4 Nf6 2. Nf3 c5 3. d5 e6 4. c4 b5 5. cxb5 exd5 6. e3 Be7 7. Nc3 Bb7 8. Be2 O-O 9. O-O d6 10. a3 a6 11. Bd2 axb5 12. Nxb5 Ne4 13. Nc3 Bf6 14.
Qc2 Nd7 15. Rfd1 Nb6 16. Be1 Qe7 17. Nd2 Nxc3 18. bxc3 d4 19. Bd3 dxe3 20. fxe3 Qxe3+ 21. Bf2 Qg5 22. Bxh7+ Kh8 23. Be4 d5 24. Nf3 Qh6 25. Bf5 Na4 26. Be1 g6 27. Bd3 d4 28. Be4 Bxe4 29. Qxe4 Rae8 30. Qc6 Nb2 31. Qxf6+ Kg8 32. Bd2 Qh5 33. Re1 Nc4 34. Bf4 d3 35. Rad1 Nb2 36.
Be5 Qh6 37. Re4 Re6 38. Rh4 Rxf6 39. Rxh6 Kg7 40. Rb1 Kxh6 41. Bxf6 Nc4 42. Kf2 Re8 43. Re1 Rb8 44. Re4 Rb2+ 45. Kg3 g5 46. Rxc4 d2 47.
Nxd2 Rxd2 48. Rxc5 Kg6 49. Bxg5 Rd3+ 50. Kf2 Rd2+ 51. Bxd2 1-0

[Event "*** Titled Tuesday 3|2 Blitz"]
[Site "Chess.com"]
[Date "2017.05.02"]
[Round "6"]
[White "1random"]
[Black "djano"]
[Result "1-0"]
[WhiteElo "2301"]
[BlackElo "2354"]
[TimeControl "180+2"]
[EndTime "14:17:13 PDT"]
[Termination "1random won on time"]

1. e4 e6 2. d4 d5 3. Nd2 dxe4 4. Nxe4 Nd7 5. Nf3 Ngf6 6. Nxf6+ Nxf6 7. Be3 Nd5 8. Bd3 c5 9. c3 cxd4 10. Bxd4 Be7 11.
Bxg7 Rg8 12. Be5 Rxg2 13. Bg3 Qb6 14. Qe2 Bd7 15. Ne5 O-O-O 16. Nxd7 Rxd7 17. Kf1 Rxg3 18. hxg3 Nf6 19. Rh4 Qc6 20. Rc4 Bc5 21. Kg1 b5 22. Rh4 Qc7 23. Rh3 a6 24. a4 Qd6 25. Be4 Qb6 26.
axb5 Bxf2+ 27. Qxf2 Qxf2+ 28. Kxf2 Nxe4+ 29. Ke3 Ng5 30. Rh5 f6 31. bxa6 Kb8 32. a7+ Ka8 33.
Rh6 1-0

[Event "*** Titled Tuesday 3|2 Blitz"]
[Site "Chess.com"]
[Date "2017.05.02"]
[Round "6"]
[White "Larax"]
[Black "Quiet_Desperation"]
[Result "1-0"]
[WhiteElo "1993"]
[BlackElo "2153"]
[TimeControl "180+2"]
[EndTime "14:17:14 PDT"]
[Termination "Larax won by resignation"]

1. e4 Nc6 2. d4 d5 3. e5 f6 4. f4 Bf5 5. Bd3 Nh6 6. Nf3 Qd7 7.
O-O O-O-O 8. c3 e6 9. b4 fxe5 10.
Nxe5 Nxe5 11. fxe5 Be7 12. Bxh6 gxh6 13. Bxf5 exf5 14. Nd2 Rhg8 15. Nf3 Bg5 16. Qe2 Rg6 17. a4 Rdg8 18. Ra2 Qc6 19. Qc2 Qc4 20. Qxf5+ Kb8 21. Raf2 Be3 22. g3 Qxc3 23. e6 Qxb4 24. Ne5 Rg5 25.
Nd7+ Ka8 26. Qf7 Qd6 27. Nf6 Rxg3+ 28. Kh1 Bxf2 29. Nxg8 a6 30. e7 Rh3 31. e8=Q+ Ka7 32. Qe5 Qa3 33. Rxf2 Qc1+ 34. Rf1 Qd2 35. Qff4 1-0

[Event "*** Titled Tuesday 3|2 Blitz"]
[Site "Chess.com"]
[Date "2017.05.02"]
[Round "6"]
[White "FearlessKing64"]
[Black "Vamostodorecto"]
[Result "1-0"]
[WhiteElo "2157"]
[BlackElo "2331"]
[TimeControl "180+2"]
[EndTime "14:17:16 PDT"]
[Termination "FearlessKing64 won by resignation"]

1. e4 e5 2. Nf3 Nc6 3. Bc4 Nf6 4. d4 exd4 5. e5 d5 6. Bb5 Ne4 7. Nxd4 Bc5 8. Be3 O-O 9. Nxc6 bxc6 10.
Bxc5 Nxc5 11. Bxc6 Ba6 12. Nc3 Qg5 13. Qd4 Ne6 14.
Qe3 Nf4 15. O-O-O Rab8 16. g3 Nh3 17. Qxg5 Nxg5 18. Bxd5 Nh3 19. Rd2 Ng5 20. f4 Ne6 21. Bxe6 fxe6 22. Rd7 Rbc8 23. Rhd1 Bb7 24. Re7 Rfe8 25.
Rxe8+ Rxe8 26. Rd7 Bf3 27. Rxc7 a6 28. Rd7 h5 29.
Rd6 a5 30. b3 Kf7 31. Kb2 h4 32. Na4 h3 33. Nc5 Rh8 34. Nxe6 Bg2 35. f5 Rh5 36. g4 Rh4 37. Rd7+ Ke8 38. Rxg7 Bf3 39. f6 1-0

[Event "*** Titled Tuesday 3|2 Blitz"]
[Site "Chess.com"]
[Date "2017.05.02"]
[Round "6"]
[White "Enzy63"]
[Black "pawnwonder"]
[Result "1-0"]
[WhiteElo "2034"]
[BlackElo "1825"]
[TimeControl "180+2"]
[EndTime "14:17:18 PDT"]
[Termination "Enzy63 won by resignation"]

1. d4 Nf6 2. Nf3 g6 3. c4 Bg7 4. g3 O-O 5. Bg2 c5 6. Nc3 d6 7. O-O Nc6 8. dxc5 dxc5 9. Bf4 Be6 10. Qa4 Qa5 11. Qb5 Qxb5 12. cxb5 Nd4 13. Ng5 Bc8 14.
e3 h6 15. Nxf7 Kxf7 16. exd4 cxd4 17. Nd5 Nxd5 18. Bxd5+ e6 19. Be4 e5 20. Bd2 Rb8 21. Rac1 Bf5 22. Rc7+ Kg8 23. f3 Bxe4 24. fxe4 Rxf1+ 25. Kxf1 g5 26. Ke2 a6 27. b6 Bf6 28. Ba5 Bg7 29.
Kd3 Kh7 30. Bb4 Kg6 31. a4 Bf6 32. Bc5 Bd8 33. Rd7 Bf6 34. b4 a5 35. bxa5 Rc8 36.
Rc7 Rb8 37. a6 bxa6 38. b7 Bd8 39. Rd7 1-0

[Event "*** Titled Tuesday 3|2 Blitz"]
[Site "Chess.com"]
[Date "2017.05.02"]
[Round "6"]
[White "stepanosinovsky"]
[Black "BigMak2500"]
[Result "0-1"]
[WhiteElo "2228"]
[BlackElo "2393"]
[TimeControl "180+2"]
[EndTime "14:17:24 PDT"]
[Termination "BigMak2500 won by checkmate"]

1. e4 e5 2. Nf3 Nc6 3. Bb5 Nf6 4. d3 Bc5 5. O-O Nd4 6. Nxd4 Bxd4 7. c3 Bb6 8. Bg5 c6 9. Bc4 h6 10. Bh4 g5 11. Bg3 d6 12. d4 exd4 13. e5 dxe5 14. Bxe5 O-O 15. cxd4 Be6 16. Bxe6 fxe6 17. Nc3 Qe7 18. f4 Nd5 19. fxg5 Qxg5 20. Qd3 Ne3 21. Rxf8+ Rxf8 22. Qe2 Nf5 23. Rd1 Rd8 24. Ne4 Qg6 25. Kh1 Bxd4 26. g4 Ne3 27. Rxd4 Rxd4 28. Nf6+ Kf7 29.
Bxd4 Qb1+ 30. Qe1 Qxe1# 0-1

[Event "*** Titled Tuesday 3|2 Blitz"]
[Site "Chess.com"]
[Date "2017.05.02"]
[Round "6"]
[White "Rating-Schmating"]
[Black "Wolverine_master"]
[Result "1-0"]
[WhiteElo "2206"]
[BlackElo "1942"]
[TimeControl "180+2"]
[EndTime "14:17:27 PDT"]
[Termination "Rating-Schmating won on time"]

1. e4 d5 2. exd5 Qxd5 3. Nc3 Qd6 4. g3 Nf6 5. Bg2 a6 6. Nge2 Nc6 7. O-O Bg4 8. d4 e5 9. dxe5 Qxe5 10. Bf4 Qa5 11. Re1 Be7 12. Nd5 Nxd5 13. Qxd5 Qxd5 14. Bxd5 O-O-O 15. Bxf7 Rhf8 16. Bb3 g5 17. Be3 Ne5 18. Nd4 c5 19.
Be6+ Bxe6 20. Nxe6 Nf3+ 21. Kg2 Nxe1+ 22. Rxe1 h6 23.
Nxf8 Rxf8 24. Rd1 Kc7 25. Rd5 Kc6 26. Re5 Bf6 27. Rxc5+ Kd6 28. c3 b5 29. Rf5 Ke6 30. g4 Rd8 31. Rc5 Kd6 32. Bd4 Bxd4 33. cxd4 Re8 34. Rf5 Re4 35. Rf6+ Kd5 36. Kf3 Rxd4 37. Rxa6 Rf4+ 38. Kg3 Rb4 39. b3 Kd4 40. Rxh6 Kc3 41.
Rb6 Kb2 42. a4 Rxb3+ 43. Kg2 bxa4 44. Ra6 a3 45. h4 gxh4 46. g5 h3+ 47. Kh2 a2 48. g6 a1=Q 49. Rxa1 Kxa1 50. f4 Rb4 51. Kxh3 Rxf4 52. g7 Rf3+ 53. Kg2 1-0

[Event "*** Titled Tuesday 3|2 Blitz"]
[Site "Chess.com"]
[Date "2017.05.02"]
[Round "6"]
[White "BjarkeSahl"]
[Black "Lawliet64"]
[Result "1-0"]
[WhiteElo "2170"]
[BlackElo "2013"]
[TimeControl "180+2"]
[EndTime "14:17:38 PDT"]
[Termination "BjarkeSahl won by resignation"]

1. d4 Nf6 2. Bg5 c5 3. Bxf6 gxf6 4. d5 d6 5. Nd2 f5 6. e3 Bg7 7. c3 O-O 8. Nh3 e5 9. dxe6 fxe6 10. Nf4 Nc6 11. h4 a6 12. h5 b5 13. h6 Be5 14. g3 Qd7 15. Nf3 Bh8 16. Ng5 Rf6 17. a4 b4 18. Bc4 d5 19. Nxd5 exd5 20. Qxd5+ Qxd5 21. Bxd5+ Be6 22. Nxe6 Rxe6 23. Bxe6+ Kf8 24. Bd5 Rc8 25. Bxc6 Rxc6 26. Rc1 bxc3 27. bxc3 Bf6 28. Ke2 Bg5 29. Kf3 Bxh6 30. Rh5 Rf6 31. c4 Kf7 32. Rd1 Kg6 33. Rdh1 Kg7 34. Rxh6 Rxh6 35. Rxh6 Kxh6 36. Kf4 Kg6 37. Ke5 Kg5 38. f3 h5 39. Kd5 f4 40.
exf4+ Kf5 41. Kxc5 1-0

[Event "*** Titled Tuesday 3|2 Blitz"]
[Site "Chess.com"]
[Date "2017.05.02"]
[Round "6"]
[White "PowerThinking2650"]
[Black "hypert"]
[Result "0-1"]
[WhiteElo "2186"]
[BlackElo "2291"]
[TimeControl "180+2"]
[EndTime "14:17:38 PDT"]
[Termination "hypert won by resignation"]

1. e4 c5 2. Nf3 e6 3. d4 cxd4 4.
Nxd4 Nc6 5. Nb5 d6 6. c4 Nf6 7. N5c3 a6 8. Be2 Nb8 9. O-O Nbd7 10. b3 Qc7 11. Bb2 b6 12. Bd3 Bb7 13. Nd2 Be7 14.
Bc2 g5 15. Nf3 Rg8 16. Nd4 g4 17. Rc1 Qc5 18. Na4 Qh5 19. Kh1 Rg6 20. h3 gxh3 21. g3 Qxd1 22. Rcxd1 Bxe4+ 23. Bxe4 Nxe4 24. Kh2 Ne5 25. f3 Nxg3 26. Rg1 Nh5 27. Nxb6 Rb8 28. Na4 Nf4 29. Rxg6 hxg6 30. Kg3 g5 31. Nc3 Nxc4 32. Ba1 Ne5 33. Ne4 f5 34. Nd2 Kf7 35. Nf1 Rc8 36.
Ne3 Bf6 37. Bb2 Ned3 38. Ba3 Bxd4 39. Bxd6 Bxe3 0-1

[Event "*** Titled Tuesday 3|2 Blitz"]
[Site "Chess.com"]
[Date "2017.05.02"]
[Round "6"]
[White "oskariot"]
[Black "supertfc"]
[Result "1-0"]
[WhiteElo "2440"]
[BlackElo "2323"]
[TimeControl "180+2"]
[EndTime "14:17:42 PDT"]
[Termination "oskariot won on time"]

1. e4 e5 2. Nf3 Nc6 3. Bb5 a6 4.
Ba4 Nf6 5. O-O Be7 6. Re1 b5 7.
Bb3 d6 8. c3 O-O 9. h3 Nb8 10. d4 Nbd7 11. Nbd2 Bb7 12. Bc2 Re8 13. Nf1 Bf8 14. Ng3 g6 15. a4 Bg7 16. Bd2 c5 17. d5 c4 18. Qc1 Nc5 19. Bh6 Qe7 20. Nh4 Qf8 21. Bxg7 Qxg7 22. Ngf5 gxf5 23. Nxf5 Qg6 24. Re3 Nh5 25. Bd1 Nxe4 26. Rxe4 Qxf5 27. Rg4+ Kh8 28. Rg5 Qe4 29. Rxh5 Rg8 30. Rg5 Rxg5 31. Qxg5 Rg8 32. Qf6+ Rg7 33. Bf3 Qd3 34. axb5 axb5 35. Qxd6 1-0